[Event "fics rated crazyhouse match"]
[Site "fics, Oklahoma City, OK USA"]
[Date "2000.12.02"]
[White "LINDEGREN"]
[WhiteElo "2348"]
[Black "pminear"]
[BlackElo "2580"]
[TimeControl "60+0"]
[Result "0-1"]

1. e4 e5 2. Nf3 Nc6 3. Bb5 Bc5 4. Bxc6 dxc6 5. Nxe5 Bxf2+ 6. Kxf2 
Qd4+ 7. P@e3 Qxe5 8. Nc3 P@g3+ 9. hxg3 N@g4+ 10. Kf1 Qxg3 11. Qe2 Nh2+ 
12. Rxh2 Qxh2 13. B@g1 R@h1 14. N@f3 Rxg1+ 15. Nxg1 B@g4 16. P@f3 P@h3 17. Qf2 
hxg2+ 18. Ke1 B@g3 
{LINDEGREN resigns} 0-1

[Event "fics rated crazyhouse match"]
[Site "fics, Oklahoma City, OK USA"]
[Date "2000.12.02"]
[White "pminear"]
[WhiteElo "2583"]
[Black "LINDEGREN"]
[BlackElo "2345"]
[TimeControl "60+0"]
[Result "1-0"]

1. e4 e6 2. Nc3 d6 3. d4 Nf6 4. Nf3 Be7 5. Bd3 O-O 6. e5 
Ng4 7. Qe2 Nc6 8. Bxh7+ Kxh7 9. Ng5+ Bxg5 10. Qxg4 B@h6 11. P@f4 Nxd4 
12. fxg5 Nxc2+ 13. Kf1 P@f5 14. B@d3 Nxa1 15. gxh6 R@g6 16. N@g5+ Qxg5 17. Bxg5 
fxg4 18. hxg7 N@e3+ 19. Bxe3 
{LINDEGREN forfeits on time} 1-0

[Event "fics rated crazyhouse match"]
[Site "fics, Oklahoma City, OK USA"]
[Date "2000.12.02"]
[White "LINDEGREN"]
[WhiteElo "2342"]
[Black "pminear"]
[BlackElo "2586"]
[TimeControl "60+0"]
[Result "1-0"]

1. e4 e5 2. d3 Nc6 3. Nc3 Nf6 4. Nf3 Bc5 5. Be2 d6 6. O-O 
Bg4 7. Be3 Bxf3 8. Bxf3 N@d4 9. B@h4 Nxf3+ 10. Qxf3 B@h5 11. Qg3 Rg8 
12. N@f5 Bg6 13. Nxg7+ Rxg7 14. Bxf6 Qxf6 15. Bg5 B@e7 16. Bxf6 Bxf6 17. Q@h8+ 
B@f8 18. P@h6 N@h5 19. Qh3 Nf4 20. Qg4 Bh5 21. hxg7 Bxg4 22. gxf8=Q+ Kd7 
23. Qxf7+ Q@e7 24. Qxe7+ Nxe7 25. Qxa8 P@f3 26. Q@e8+ Ke6 27. N@f8# 
{pminear checkmated} 1-0

[Event "fics rated crazyhouse match"]
[Site "fics, Oklahoma City, OK USA"]
[Date "2000.12.02"]
[White "pminear"]
[WhiteElo "2573"]
[Black "LINDEGREN"]
[BlackElo "2355"]
[TimeControl "60+0"]
[Result "0-1"]

1. e4 e6 2. Nc3 Nf6 3. e5 Nd5 4. Nxd5 exd5 5. d4 d6 6. Nf3 
Nc6 7. Bb5 Bd7 8. Qe2 N@e4 9. c4 a6 10. cxd5 axb5 11. Qxe4 dxe5 
12. dxc6 Bxc6 13. Qxe5+ P@e6 14. N@h5 B@f6 15. Nxf6+ gxf6 16. Qe2 Bxf3 17. gxf3 
N@g2+ 18. Kf1 N@f4 19. Qe4 P@e2+ 20. Kg1 e1=Q+ 21. Qxe1 Nxe1 22. N@e3 Nxf3+ 
23. Kf1 Q@e1# 
{pminear checkmated} 0-1

[Event "fics rated crazyhouse match"]
[Site "fics, Oklahoma City, OK USA"]
[Date "2000.12.02"]
[White "LINDEGREN"]
[WhiteElo "2367"]
[Black "pminear"]
[BlackElo "2561"]
[TimeControl "60+0"]
[Result "1-0"]

1. e4 e5 2. Nc3 Nc6 3. Nf3 Nf6 4. Bc4 Bc5 5. d3 O-O 6. O-O 
d6 7. Be3 Bg4 8. Qe2 Bxf3 9. Qxf3 Bxe3 10. fxe3 B@h6 11. Rae1 N@g4 
12. B@f5 Nxe3 13. Rxe3 Bxe3+ 14. Qxe3 P@f4 15. Qh3 R@h5 16. Qf3 Nd4 17. Qd1 
Nxf5 18. exf5 B@d4+ 19. Kh1 Bxc3 20. B@f2 Bxb2 21. B@f3 P@g4 22. Bxg4 Nxg4 
23. Qxg4 Qg5 24. Qxg5 Rxg5 25. P@g6 B@f3 26. gxf7+ Rxf7 27. Bxf7+ Kh8 28. N@g6+ 
Rxg6 29. Bxg6 Bxg2+ 30. Kxg2 P@f3+ 31. Kxf3 N@g5+ 32. Kg4 Q@f3+ 33. Kxg5 
{pminear forfeits on time} 1-0

[Event "fics rated crazyhouse match"]
[Site "fics, Oklahoma City, OK USA"]
[Date "2000.12.02"]
[White "pminear"]
[WhiteElo "2549"]
[Black "LINDEGREN"]
[BlackElo "2379"]
[TimeControl "60+0"]
[Result "1-0"]

1. e4 Nf6 2. Nc3 Nc6 3. d4 d5 4. exd5 Nxd5 5. Nf3 e6 6. Bd3 
Bb4 7. Bd2 P@a3 8. O-O axb2 9. Nxd5 exd5 10. Bxb4 bxa1=Q 11. Qxa1 Nxb4 
12. Qe1+ R@e7 13. Qxb4 P@h3 14. N@h5 B@f6 15. Nxf6+ gxf6 16. N@g7+ Kf8 17. B@h6 
Kg8 18. Nh5 hxg2 19. Nxf6# 
{LINDEGREN checkmated} 1-0

[Event "fics rated crazyhouse match"]
[Site "fics, Oklahoma City, OK USA"]
[Date "2000.12.02"]
[White "LINDEGREN"]
[WhiteElo "2375"]
[Black "pminear"]
[BlackElo "2553"]
[TimeControl "60+0"]
[Result "0-1"]

1. e4 e5 2. Nc3 Nc6 3. Nf3 Bc5 4. Bc4 Nf6 5. O-O O-O 6. d3 
d6 7. Be3 Bg4 8. Qe2 Bxf3 9. Qxf3 N@d4 10. Bxd4 Nxd4 11. Qd1 B@h5 
12. B@e2 Nxe2+ 13. Nxe2 Bxe2 14. Qxe2 N@f4 15. Qf3 B@g4 16. B@e2 Nxe2+ 17. Qxe2 
Bxe2 18. N@f5 Bxf1 19. Rxf1 Q@e2 20. B@f3 R@h1+ 21. Kxh1 Qxf1+ 22. N@g1 Bxf2 
23. N@h3 Bxg1 24. R@d1 Qxd1 25. Bxd1 R@f1 26. Be2 Re1 27. Q@g3 Bf2+ 28. Bf1 
Rxf1# 
{LINDEGREN resigns} 0-1

[Event "fics rated crazyhouse match"]
[Site "fics, Oklahoma City, OK USA"]
[Date "2000.12.02"]
[White "pminear"]
[WhiteElo "2557"]
[Black "LINDEGREN"]
[BlackElo "2371"]
[TimeControl "60+0"]
[Result "0-1"]

1. e4 e6 2. Nc3 Nf6 3. e5 Nd5 4. Nxd5 exd5 5. d4 d6 6. Nf3 
Nc6 7. Bb5 Be7 8. Qe2 O-O 9. Bxc6 bxc6 10. exd6 cxd6 11. P@h6 gxh6 
12. Bxh6 N@f5 13. Bxf8 Qxf8 14. N@g4 P@g7 15. N@h5 P@e4 16. Nxg7 exf3 17. Qxf3 
Nxd4 18. Qd3 N@b4 19. Qh3 Nbxc2+ 20. Kf1 B@e2+ 21. Kg1 Bexg4 22. Qxg4 Bxg4 
23. B@d3 B@e4 24. Bxe4 dxe4 
{pminear resigns} 0-1

[Event "fics rated crazyhouse match"]
[Site "fics, Oklahoma City, OK USA"]
[Date "2000.12.02"]
[White "LINDEGREN"]
[WhiteElo "2383"]
[Black "pminear"]
[BlackElo "2545"]
[TimeControl "60+0"]
[Result "1-0"]

1. e4 e5 2. Nf3 Nc6 3. Nc3 Bc5 4. Bc4 Nf6 5. O-O O-O 6. d3 
d6 7. Be3 Bg4 8. Qe2 Bxe3 9. fxe3 B@h6 10. B@f2 Bxf3 11. Qxf3 N@g5 
12. Qe2 Na5 13. B@h4 Nxc4 14. Bxg5 Bxg5 15. dxc4 B@h5 16. Qd2 B@f3 17. N@f5 
Bxg2 18. Kxg2 P@f3+ 19. Kg1 Qd7 20. B@h3 Bg4 21. Bxg4 Nxg4 22. B@h3 B@h5 
23. Nd5 c6 24. N@e7+ Bxe7 25. Ndxe7+ Kh8 26. c5 N@g5 27. B@g2 fxg2 28. Bxg2 
B@f3 29. h4 Bxg2 30. Kxg2 B@h3+ 31. Kg1 Nf3+ 32. Kh1 dxc5 33. P@g2 
{pminear forfeits on time} 1-0

[Event "fics rated crazyhouse match"]
[Site "fics, Oklahoma City, OK USA"]
[Date "2000.12.02"]
[White "pminear"]
[WhiteElo "2534"]
[Black "LINDEGREN"]
[BlackElo "2394"]
[TimeControl "60+0"]
[Result "1-0"]

1. e4 Nf6 2. Nc3 Nc6 3. d4 d5 4. exd5 Nxd5 5. Nf3 e6 6. Bd3 
Bb4 7. Bd2 P@a3 8. Nxd5 Bxd2+ 9. Qxd2 axb2 10. Rd1 exd5 11. Qe3+ P@e6 
12. N@h5 B@f8 13. B@g5 Qd7 14. P@f6 g6 15. Ng7+ Bxg7 16. fxg7 Rg8 17. Bb5 
N@g4 18. Bxc6 bxc6 19. B@h3 B@a5+ 20. Ke2 N@f6 21. Bxg4 Nxg4 22. N@e5 B@e7 
23. Nxd7 Bxd7 24. Bxe7 Kxe7 25. B@g5+ f6 26. Bxf6+ Nxf6 27. P@e5 N@e4 28. exf6+ 
Nxf6 29. N@e5 B@a6+ 30. N@d3 B@d6 31. Q@f7+ Kd8 32. Qxf6+ P@e7 33. Qf8+ Rxf8 
34. gxf8=Q+ Q@e8 35. N@f7+ Kc8 36. R@d8+ Kb7 37. Rxe8 Rxe8 38. Qxe8 Bxe8 39. Nd8+ 
Ka8 40. R@b8+ Kxb8 41. Nexc6+ Bxc6 42. Nxc6+ Kb7 43. B@a8+ Kc8 44. Q@d8# 
{LINDEGREN checkmated} 1-0

[Event "fics rated crazyhouse match"]
[Site "fics, Oklahoma City, OK USA"]
[Date "2000.12.02"]
[White "LINDEGREN"]
[WhiteElo "2389"]
[Black "pminear"]
[BlackElo "2539"]
[TimeControl "60+0"]
[Result "0-1"]

1. e4 e5 2. Nc3 Nc6 3. Nf3 Bc5 4. Bb5 Nf6 5. O-O O-O 6. Bxc6 
dxc6 7. d3 B@h5 8. Be3 Bxe3 9. fxe3 Bcg4 10. B@e2 B@h6 11. Qd2 Bxf3 
12. Rxf3 Bxf3 13. Bxf3 N@d4 14. Qf2 Nxf3+ 15. gxf3 R@g6+ 16. B@g3 Bxe3 17. Qxe3 
B@d4 18. B@f2 Bxe3 19. Bxe3 P@f4 20. Bf2 fxg3 21. hxg3 B@f4 22. P@g4 Nxg4 
23. fxg4 Rxg4 24. B@f5 Rxg3+ 25. Bxg3 Bxg3 26. Bxh7+ Kxh7 27. R@h3+ B@h4 28. B@e3 
B@f2+ 29. Bxf2 Bxf2+ 30. Kh1 B@g4 31. B@g2 Bxh3 32. Bxh3 Q@g3 33. B@f5+ P@g6 
34. N@h2 R@g1# 
{LINDEGREN resigns} 0-1

[Event "fics rated crazyhouse match"]
[Site "fics, Oklahoma City, OK USA"]
[Date "2000.12.02"]
[White "pminear"]
[WhiteElo "2544"]
[Black "LINDEGREN"]
[BlackElo "2384"]
[TimeControl "60+0"]
[Result "1-0"]

1. e4 e6 2. Nc3 Nf6 3. e5 Nd5 4. Nxd5 exd5 5. d4 d6 6. Nf3 
Nc6 7. Bb5 Be7 8. Qe2 O-O 9. Bxc6 bxc6 10. exd6 Bxd6 11. P@h6 Re8 
12. N@e5 B@f6 13. N@h5 P@f4 14. Bxf4 N@g6 15. hxg7 Bxg7 16. Nxg7 Nxf4 17. Nxe8 
Qxe8 18. B@f6 P@g7 19. Bxg7 Kxg7 20. P@h6+ Kg8 21. P@g7 N@g6 22. Nh4 Nxe2 
23. Nhxg6 B@d2+ 24. Kf1 Ng3+ 25. hxg3 Ba6+ 26. Kg1 fxg6 27. R@h8# 
{LINDEGREN checkmated} 1-0

[Event "fics rated crazyhouse match"]
[Site "fics, Oklahoma City, OK USA"]
[Date "2000.12.02"]
[White "LINDEGREN"]
[WhiteElo "2379"]
[Black "pminear"]
[BlackElo "2549"]
[TimeControl "60+0"]
[Result "0-1"]

1. e4 e5 2. Nf3 Nc6 3. Bb5 Bc5 4. Nc3 Nf6 5. O-O d6 6. Bxc6+ 
bxc6 7. d3 B@h5 8. N@f5 Bxf5 9. exf5 Bxf3 10. Qxf3 N@d4 11. Qd1 Nxf5 
12. B@h3 Nd4 13. Ne4 Nxe4 14. dxe4 P@e2 15. B@d7+ Kf8 16. Qe1 N@f3+ 17. gxf3 
Nxf3+ 18. Kh1 Nxe1 19. Rxe1 Bxf2 20. Bd2 Bxe1 21. Bxe1 R@f1+ 22. B@g1 Rxg1+ 
23. Kxg1 B@e3+ 24. N@f2 N@f3+ 25. Kg2 Qg5+ 26. R@g3 Nxe1+ 27. Rxe1 P@f3+ 28. Kxf3 
Qf4+ 29. Kxe2 Q@d2# 
{LINDEGREN resigns} 0-1

[Event "fics rated crazyhouse match"]
[Site "fics, Oklahoma City, OK USA"]
[Date "2000.12.02"]
[White "pminear"]
[WhiteElo "2553"]
[Black "LINDEGREN"]
[BlackElo "2375"]
[TimeControl "60+0"]
[Result "0-1"]

1. e4 Nf6 2. Nc3 Nc6 3. d4 d5 4. e5 Ne4 5. Nxe4 dxe4 6. Bb5 
e6 7. f3 exf3 8. Nxf3 Bd7 9. O-O N@f5 10. N@h5 Ncxd4 11. Nxd4 Bxb5 
12. N@f6+ gxf6 13. Nxf6+ Qxf6 14. exf6 Nxd4 15. P@e7 Bxe7 16. fxe7 B@c5 17. Be3 
N@e2+ 18. Kh1 N@g3+ 19. hxg3 Nxg3+ 20. Kh2 Nxf1+ 21. Qxf1 P@g3+ 22. Kxg3 N@f5+ 
23. Kf2 P@g3+ 24. Ke1 P@f2+ 25. Kd2 Nf3+ 26. gxf3 Bxe3+ 27. Kc3 B@d2+ 28. Kb3 
P@c4+ 29. Qxc4 Bxc4+ 30. Kxc4 Q@b4+ 31. Kd3 R@d4+ 32. Ke2 Qc4# 
{pminear forfeits on time} 0-1

[Event "fics rated crazyhouse match"]
[Site "fics, Oklahoma City, OK USA"]
[Date "2000.12.02"]
[White "LINDEGREN"]
[WhiteElo "2387"]
[Black "pminear"]
[BlackElo "2541"]
[TimeControl "60+0"]
[Result "1-0"]

1. e4 e5 2. Nc3 Nc6 3. Nf3 Bc5 4. Bb5 Nf6 5. Bxc6 dxc6 6. O-O 
B@h5 7. d3 Bcg4 8. N@g5 h6 9. Nxf7 Bxf7 10. P@e2 Bxf3 11. exf3 N@f4 
12. Bxf4 exf4 13. B@f5 B@g3 14. e5 Bcxf2+ 15. Kh1 Bxh2 16. Ne2 N@g3+ 17. Nxg3 
Bfxg3 18. exf6 N@f2+ 19. Rxf2 Bxf2 20. Qe2+ P@e3 21. fxg7 Rg8 22. P@d7+ Ke7 
23. N@c8+ Rxc8 24. dxc8=N+ Qxc8 25. Bxc8 N@g3+ 26. Kxh2 Nf1+ 27. Rxf1 Bg3+ 28. Kh3 
R@h2+ 29. Kg4 Rxg7+ 30. Kf5 P@e6+ 31. Ke5 P@d6+ 32. Kd4 c5+ 33. Kc3 P@b4+ 
34. Kb3 e5+ 35. B@c4 Bxc4+ 36. dxc4 
{pminear forfeits on time} 1-0

[Event "fics rated crazyhouse match"]
[Site "fics, Oklahoma City, OK USA"]
[Date "2000.12.02"]
[White "pminear"]
[WhiteElo "2530"]
[Black "LINDEGREN"]
[BlackElo "2398"]
[TimeControl "60+0"]
[Result "1-0"]

1. e4 Nf6 2. Nc3 Nc6 3. d4 d5 4. exd5 Nxd5 5. Nxd5 e6 6. Nf3 
exd5 7. Bb5 Bb4+ 8. Bd2 Qe7+ 9. N@e5 Bxd2+ 10. Qxd2 P@f6 11. Bxc6+ bxc6 
12. P@h6 N@e4 13. hxg7 Rg8 14. Nxc6 Nxd2+ 15. Nxe7 Nxf3+ 16. gxf3 N@g2+ 17. Kf1 
Nf4 18. Q@f8+ Rxf8 19. gxf8=Q+ Kxf8 20. B@h6+ Kxe7 21. N@g8+ Kd7 22. Bxf4 P@g2+ 
23. Ke2 B@f1+ 24. Rhxf1 gxf1=Q+ 25. Rxf1 B@b5+ 26. P@d3 N@e6 27. Nxf6+ Kc6 28. N@b4+ 
Kb7 29. P@a6+ Bxa6 30. B@c6+ Kb8 31. N@d7+ Bxd7 32. Nxd7+ Kc8 33. R@e8+ R@d8 
34. P@b7+ Bxb7 35. Bxb7+ Kxb7 36. B@c6+ Kc8 37. P@b7# 
{LINDEGREN checkmated} 1-0

[Event "fics rated crazyhouse match"]
[Site "fics, Oklahoma City, OK USA"]
[Date "2000.12.02"]
[White "LINDEGREN"]
[WhiteElo "2393"]
[Black "pminear"]
[BlackElo "2535"]
[TimeControl "60+0"]
[Result "0-1"]

1. e4 e5 2. Nc3 Nc6 3. Nf3 Bc5 4. Bb5 Nf6 5. Bxc6 dxc6 6. O-O 
B@h5 7. N@g3 Bxf3 8. Qxf3 N@h4 9. Qd1 Nxg2 10. d3 Bg4 11. B@e2 Bxe2 
12. Ncxe2 Nh4 13. B@h3 P@g4 14. Bg2 Nxg2 15. Kxg2 B@f3+ 16. Kg1 Bxe2 17. Nxe2 
B@f3 18. N@g5 Nxe4 19. Nxf3 gxf3 20. B@h3 P@g2 21. Re1 Bxf2# 
{LINDEGREN checkmated} 0-1

[Event "fics rated crazyhouse match"]
[Site "fics, Oklahoma City, OK USA"]
[Date "2000.12.02"]
[White "pminear"]
[WhiteElo "2540"]
[Black "LINDEGREN"]
[BlackElo "2388"]
[TimeControl "60+0"]
[Result "0-1"]

1. e4 e6 2. Nc3 Nc6 3. d4 Nf6 4. e5 Nd5 5. Nxd5 exd5 6. Nf3 
Bb4+ 7. Bd2 Be7 8. N@f5 Rg8 9. Bd3 N@e4 10. c4 d6 11. Nxe7 Qxe7 
12. cxd5 Nxd2 13. Qxd2 dxe5 14. Bxh7 exd4+ 15. P@e6 Bxe6 16. dxe6 Qxe6+ 17. B@e4 
P@c3 18. Qe2 N@f4 19. Bxc6+ bxc6 20. Qxe6+ Nxe6 21. P@d7+ Kd8 22. N@b7+ Ke7 
23. B@g5+ P@f6 24. N@f5+ Kxd7 25. Q@e7+ Kc8 26. Nfd6+ Kb8 27. Bxg8 P@d2+ 28. Nxd2 
cxd2+ 29. Bxd2 Q@e5+ 30. P@e3 N@d3+ 31. Kf1 P@e2+ 32. Kg1 Qxd6 33. Nxd6 B@c8 
{pminear forfeits on time} 0-1

[Event "fics rated crazyhouse match"]
[Site "fics, Oklahoma City, OK USA"]
[Date "2000.12.02"]
[White "LINDEGREN"]
[WhiteElo "2399"]
[Black "pminear"]
[BlackElo "2529"]
[TimeControl "60+0"]
[Result "0-1"]

1. e4 e5 2. Nf3 Nc6 3. Bb5 Bc5 4. O-O Nf6 5. Bxc6 dxc6 6. Nxe5 
B@h5 7. P@f3 Nxe4 8. Qe2 Nxf2 9. Rxf2 Bxf2+ 10. Qxf2 P@h3 11. B@f1 hxg2 
12. Bxg2 P@h3 13. Nxf7 hxg2 14. Nxd8 R@f1+ 15. Qxf1 gxf1=Q+ 16. Kxf1 P@e2+ 17. Kf2 
Q@f1+ 18. Ke3 e1=Q+ 19. Kd4 B@f6+ 20. Kc5 Qb5# 
{LINDEGREN checkmated} 0-1

[Event "fics rated crazyhouse match"]
[Site "fics, Oklahoma City, OK USA"]
[Date "2000.12.02"]
[White "pminear"]
[WhiteElo "2534"]
[Black "LINDEGREN"]
[BlackElo "2394"]
[TimeControl "60+0"]
[Result "1-0"]

1. e4 e6 2. Nc3 d5 3. exd5 exd5 4. Bb5+ Nc6 5. Qe2+ Qe7 6. Nxd5 
Qxe2+ 7. Nxe2 Q@e5 8. Q@e3 Qxe3 9. dxe3 Bd6 10. P@c5 Ne7 11. Nxe7 Bxe7 
12. N@d5 Q@d8 13. P@d6 cxd6 14. Bxc6+ bxc6 15. N@c7+ Kf8 16. Nxa8 B@a5+ 17. Ndc3 
dxc5 18. R@d1 P@d5 19. Bd2 P@h3 20. Rg1 hxg2 21. Rxg2 P@f3 22. Rg3 N@g2+ 
23. Kf1 fxe2+ 24. Nxe2 Bxd2 25. P@h6 B@f6 26. Rxd2 N@f5 27. P@g5 P@f3 28. gxf6 
Nxg3+ 29. Nxg3 Nxe3+ 30. fxe3 P@g2+ 31. Kf2 R@f1+ 32. Nxf1 gxf1=Q+ 33. Kxf1 Bxf6 
34. Kf2 gxh6 35. Kxf3 
{LINDEGREN forfeits on time} 1-0

[Event "fics rated crazyhouse match"]
[Site "fics, Oklahoma City, OK USA"]
[Date "2000.12.02"]
[White "LINDEGREN"]
[WhiteElo "2389"]
[Black "pminear"]
[BlackElo "2539"]
[TimeControl "60+0"]
[Result "0-1"]

1. e4 e5 2. Nc3 Nc6 3. Nf3 Bc5 4. Bb5 Nf6 5. Bxc6 dxc6 6. O-O 
B@h5 7. N@f5 Bxf5 8. exf5 e4 9. Nxe4 Nxe4 10. Qe2 Qe7 11. d3 Nxf2 
12. Qxe7+ Kxe7 13. f6+ gxf6 14. Rxf2 Bxf2+ 15. Kh1 R@f1+ 16. B@g1 N@f5 17. P@e5 
Bxg1 18. exf6+ Ke8 19. N@g7+ Kd8 20. P@e7+ Kc8 21. Q@d8+ Rxd8 22. exd8=Q+ Kxd8 
23. R@e8+ Kd7 24. Bf4 N@f2# 
{LINDEGREN checkmated} 0-1

[Event "fics rated crazyhouse match"]
[Site "fics, Oklahoma City, OK USA"]
[Date "2000.12.02"]
[White "pminear"]
[WhiteElo "2544"]
[Black "LINDEGREN"]
[BlackElo "2384"]
[TimeControl "60+0"]
[Result "0-1"]

1. e4 Nf6 2. Nc3 Nc6 3. d4 e6 4. e5 Nd5 5. Nxd5 exd5 6. Nf3 
d6 7. Bb5 Bd7 8. Qe2 N@e4 9. c4 a6 10. Bxc6 bxc6 11. cxd5 cxd5 
12. exd6 Bxd6 13. P@d3 B@b5 14. N@h5 Rg8 15. P@h6 Bxd3 16. Qxd3 P@c4 17. Qe3 
Qe7 18. hxg7 P@f4 19. N@f6+ Kd8 20. Qe2 Nxf6 21. Qxe7+ Bxe7 22. Nxf6 N@d3+ 
23. Kf1 Q@d1+ 24. B@e1 P@e2+ 25. Kg1 Nxe1 26. N@b7+ Kc8 27. g3 Bxf6 
{pminear forfeits on time} 0-1

[Event "fics rated crazyhouse match"]
[Site "fics, Oklahoma City, OK USA"]
[Date "2000.12.02"]
[White "LINDEGREN"]
[WhiteElo "2395"]
[Black "pminear"]
[BlackElo "2533"]
[TimeControl "60+0"]
[Result "0-1"]

1. e4 e5 2. Nc3 Nc6 3. Nf3 Bc5 4. Bb5 Nf6 5. O-O d6 6. d3 
Bg4 7. h3 Bh5 8. Be3 O-O 9. Bxc5 dxc5 10. Bxc6 bxc6 11. N@f5 Bxf3 
12. Qxf3 B@h5 13. B@g4 Bxg4 14. hxg4 N@g5 15. Qg3 B@f4 16. Qh4 B@g6 17. B@e7 
Bxf5 18. Qh1 Qxe7 19. B@g3 Bxg3 20. fxg3 B@d4+ 21. B@f2 B@e3 22. Bxe3 Bxe3+ 
23. B@f2 Bxf2+ 24. Rxf2 B@e3 25. B@e1 B@d4 26. Kf1 Bxf2 27. Bxf2 Bxf2 28. B@e2 
Bxg3 29. Nd1 N@d2+ 30. Kg1 R@e1# 
{LINDEGREN resigns} 0-1

[Event "fics rated crazyhouse match"]
[Site "fics, Oklahoma City, OK USA"]
[Date "2000.12.02"]
[White "pminear"]
[WhiteElo "2538"]
[Black "LINDEGREN"]
[BlackElo "2390"]
[TimeControl "60+0"]
[Result "1-0"]

1. e4 e6 2. Nc3 Nf6 3. e5 Nd5 4. Nxd5 exd5 5. d4 Nc6 6. Nf3 
Bb4+ 7. Bd2 Bxd2+ 8. Qxd2 N@e4 9. Qe3 B@h6 10. B@f4 Bxf4 11. Qxf4 B@h6 
12. Qg4 Nxd4 13. Nxd4 P@d2+ 14. Kd1 d6 15. Qe2 dxe5 16. Nf3 Bg4 17. B@b4 
Bxf3 18. gxf3 N@c4 19. B@b5+ c6 20. Bxc4 dxc4 21. fxe4 P@d3 22. cxd3 cxd3 
23. N@d6+ Qxd6 24. Qxd3 Qxd3 25. Bxd3 B@f3+ 26. Kc2 N@d4+ 27. Kc3 a5 28. Q@e7# 
{LINDEGREN checkmated} 1-0

[Event "fics rated crazyhouse match"]
[Site "fics, Oklahoma City, OK USA"]
[Date "2000.12.02"]
[White "LINDEGREN"]
[WhiteElo "2385"]
[Black "pminear"]
[BlackElo "2543"]
[TimeControl "60+0"]
[Result "0-1"]

1. e4 e5 2. Nc3 Nc6 3. Nf3 Bc5 4. Bb5 Nf6 5. O-O O-O 6. d3 
d6 7. h3 Nd4 8. Nxd4 Bxd4 9. Be3 Bxe3 10. fxe3 B@h6 11. B@f2 c6 
12. Ba4 N@c5 13. Bb3 Nxb3 14. axb3 B@b6 15. N@f5 Bxf5 16. exf5 Bbxe3 17. B@g3 
Bxf2+ 18. Bxf2 P@e3 19. N@g4 Nxg4 20. Qxg4 exf2+ 21. Rxf2 B@e3 22. P@g6 Bxf2+ 
23. Kxf2 B@d4+ 24. Ke2 R@d2+ 25. Ke1 Bf2+ 26. Kf1 N@e3# 
{LINDEGREN checkmated} 0-1

[Event "fics rated crazyhouse match"]
[Site "fics, Oklahoma City, OK USA"]
[Date "2000.12.02"]
[White "pminear"]
[WhiteElo "2548"]
[Black "LINDEGREN"]
[BlackElo "2380"]
[TimeControl "60+0"]
[Result "1-0"]

1. e4 e6 2. Nc3 Bb4 3. d4 Nf6 4. e5 Ne4 5. Bd2 Nxd2 6. Qxd2 
d6 7. N@h5 Rg8 8. Bd3 B@f5 9. Bxf5 exf5 10. Nxg7+ Rxg7 11. B@f6 B@e7 
12. Bxg7 Bxc3 13. R@g8+ N@f8 14. bxc3 N@e4 15. P@f6 Nxd2 16. fxe7 Qxe7 17. Kxd2 
Q@g5+ 18. B@e3 f4 19. N@f6+ Kd8 20. Rxf8+ Qxf8 21. Bxf8 fxe3+ 22. fxe3 Qxg2+ 
23. Ne2 Qxe2+ 24. Kxe2 B@g4+ 25. P@f3 Bxf3+ 26. Kxf3 P@g4+ 27. Kf2 N@h3+ 28. Ke2 
R@f2+ 29. Kd3 Bf5+ 30. Kc4 Nc6 31. Q@e8# 
{LINDEGREN checkmated} 1-0

[Event "fics rated crazyhouse match"]
[Site "fics, Oklahoma City, OK USA"]
[Date "2000.12.02"]
[White "LINDEGREN"]
[WhiteElo "2376"]
[Black "pminear"]
[BlackElo "2552"]
[TimeControl "60+0"]
[Result "0-1"]

1. e4 e5 2. Nf3 Nc6 3. Bc4 Bc5 4. O-O Nf6 5. c3 Nxe4 6. d4 
d5 7. dxc5 dxc4 8. Qxd8+ Nxd8 9. B@d3 cxd3 10. Q@a5 P@e2 11. Re1 Q@f1# 
{LINDEGREN resigns} 0-1

[Event "fics rated crazyhouse match"]
[Site "fics, Oklahoma City, OK USA"]
[Date "2000.12.02"]
[White "pminear"]
[WhiteElo "2556"]
[Black "LINDEGREN"]
[BlackElo "2372"]
[TimeControl "60+0"]
[Result "1-0"]

1. e4 e6 2. Nc3 Nf6 3. e5 Nd5 4. Nxd5 exd5 5. d4 Nc6 6. Nf3 
Bb4+ 7. c3 d6 8. cxb4 Nxb4 9. B@b1 dxe5 10. Nxe5 Qe7 11. Bb5+ c6 
12. Be2 N@h4 13. Rg1 P@d6 14. Nf3 Nxf3+ 15. gxf3 P@h3 16. N@e3 N@g2+ 17. Nxg2 
hxg2 18. Rxg2 Bh3 19. Rg3 N@g2+ 20. Kd2 O-O 21. P@e3 Kh8 22. Rxh3 Rae8 
23. Rxh7+ Kg8 24. N@h5 f5 25. P@g6 Nxe3 26. fxe3 Qxe3+ 27. Ke1 Qg1+ 28. N@f1 
{LINDEGREN forfeits on time} 1-0

[Event "fics rated crazyhouse match"]
[Site "fics, Oklahoma City, OK USA"]
[Date "2000.12.02"]
[White "LINDEGREN"]
[WhiteElo "2368"]
[Black "pminear"]
[BlackElo "2560"]
[TimeControl "60+0"]
[Result "0-1"]

1. e4 e5 2. Nf3 Nc6 3. Bc4 Bc5 4. O-O Nf6 5. c3 Nxe4 6. d4 
d5 7. dxc5 dxc4 8. B@d5 B@d3 9. Bxf7+ Kxf7 10. P@e2 B@c2 11. Qe1 Bxb1 
12. exd3 Bxd3 13. B@e2 Bxe2 14. Qxe2 B@d3 15. Qe3 P@f4 16. Qxe4 Bxe4 17. N@g5+ 
Kf8 18. Nxe4 P@h3 19. Ne1 N@e2+ 20. Kh1 hxg2+ 21. Nxg2 f3 
{LINDEGREN resigns} 0-1

[Event "fics rated crazyhouse match"]
[Site "fics, Oklahoma City, OK USA"]
[Date "2000.12.02"]
[White "pminear"]
[WhiteElo "2564"]
[Black "LINDEGREN"]
[BlackElo "2364"]
[TimeControl "60+0"]
[Result "1-0"]

1. e4 e6 2. Nc3 d5 3. exd5 exd5 4. Bb5+ Nc6 5. Qe2+ P@e4 6. d3 
Nf6 7. dxe4 dxe4 8. Nxe4 P@e6 9. Bg5 Be7 10. Nxf6+ Bxf6 11. Bxf6 Qxf6 
12. B@e5 Qh6 13. Nf3 B@h5 14. P@g5 Qg6 15. Bxg7 Bxf3 16. Qxf3 N@h4 17. N@f6+ 
Kd8 18. Qd1+ N@d6 19. Bxc6 bxc6 20. P@e7+ Kxe7 21. N@g8+ Rxg8 22. Nxg8+ Kd8 
23. B@e7+ Ke8 24. R@d8# 
{LINDEGREN checkmated} 1-0

[Event "fics rated crazyhouse match"]
[Site "fics, Oklahoma City, OK USA"]
[Date "2000.12.02"]
[White "LINDEGREN"]
[WhiteElo "2360"]
[Black "pminear"]
[BlackElo "2568"]
[TimeControl "60+0"]
[Result "0-1"]

1. e4 e5 2. Nf3 Nc6 3. Bb5 Bc5 4. Nc3 Nf6 5. O-O d6 6. d3 
Bg4 7. Be3 O-O 8. Bxc6 bxc6 9. N@f5 Bxf5 10. exf5 B@g4 11. B@e4 Nxe4 
12. dxe4 B@h5 13. N@e1 N@h4 14. Bxc5 Bxf3 15. Nxf3 Bxf3 16. gxf3 N@h3+ 17. Kh1 
dxc5 18. B@g2 Qxd1 19. Bxh3 Qxf3+ 20. B@g2 Nxg2 21. Bxg2 Qxg2# 
{LINDEGREN resigns} 0-1

[Event "fics rated crazyhouse match"]
[Site "fics, Oklahoma City, OK USA"]
[Date "2000.12.02"]
[White "pminear"]
[WhiteElo "2572"]
[Black "LINDEGREN"]
[BlackElo "2356"]
[TimeControl "60+0"]
[Result "1-0"]

1. e4 Nf6 2. Nc3 d5 3. exd5 Nxd5 4. d4 e6 5. Nxd5 exd5 6. Nf3 
Nc6 7. Bb5 Bb4+ 8. Bd2 Qe7+ 9. P@e5 Bxd2+ 10. Qxd2 N@e4 11. Qe2 B@g4 
12. B@d3 Bxf3 13. gxf3 N@f4 14. fxe4 Nxe2 15. Bxe2 dxe4 16. N@h5 f6 17. exf6 
gxf6 18. B@g7 P@g2 19. Rg1 Q@h1 20. O-O-O Qxh2 21. Nxf6+ Kd8 22. Bxh8 P@a3 
23. R@g8# 
{LINDEGREN resigns} 1-0

[Event "fics rated crazyhouse match"]
[Site "fics, Oklahoma City, OK USA"]
[Date "2000.12.02"]
[White "LINDEGREN"]
[WhiteElo "2352"]
[Black "pminear"]
[BlackElo "2576"]
[TimeControl "60+0"]
[Result "1-0"]

1. e4 e5 2. Nf3 Nc6 3. Bc4 Bc5 4. O-O Nf6 5. Nc3 d6 6. d3 
Bg4 7. Be3 Qd7 8. Bxc5 dxc5 9. B@d5 Nxd5 10. Bxd5 Bxf3 11. Qxf3 N@g5 
12. Qg3 B@f4 13. Qh4 B@f6 14. Kh1 Nf3 15. Qxf6 gxf6 16. N@g7+ Kd8 17. B@f5 
Nxh2 18. Bxd7 Nxf1 19. Q@h3 R@h2+ 20. Qxh2 Bxh2 21. Rxf1 Bf4 22. N@g4 Q@h4+ 
23. R@h3 Qg5 24. B7xc6 Qxg7 25. Bxb7 Qxg4 26. N@c6+ Ke8 27. Bxf7+ Kxf7 28. B@h5+ 
Qxh5 29. Rxh5 Q@g6 30. Q@d7+ Kg8 31. P@f7+ Kf8 32. Qe7+ Kg7 33. P@h6# 
{pminear forfeits on time} 1-0